 Dungeon Crawl Stone Soup version 0.14.2 (webtiles) character file.

607 1994 the Cudgeler (level 6, -10/66 HPs)
             Began as an Ogre Hunter on June 25, 2020.
             Was a Follower of Okawaru.
             Killed by divine providence
             ... invoked by an orc priest
              (13 damage)
             ... on Level 4 of the Dungeon.
             The game lasted 00:16:25 (6199 turns).

1994 the Cudgeler (Ogre Hunter)                     Turns: 6199, Time: 00:16:25

HP -10/66        AC  3     Str 20      XL: 6   Next: 92%
MP   6/6         EV  9     Int 10      God: Okawaru [*.....]
Gold 192         SH  0     Dex  8 (10) Spells:  0 memorised,  5 levels left

rFire  . . .     SeeInvis .     a - +2,+0 whip (venom)
rCold  . . .     Clarity  +     d - +0 animal skin
rNeg   . . .     Conserve .     (shield restricted)
rPois  .         rCorr    .     (helmet restricted)
rElec  .         rRot     .     (no cloak)
SustAb . .       Spirit   .     (gloves unavailable)
rMut   .         Warding  .     (boots unavailable)
Saprov + . .     Stasis   .     w - amulet of clarity
MR     .....                    (no ring)
                                (no ring)

@: not resistant to hostile enchantments, unstealthy
A: unfitting armour, fast metabolism 1, saprovore 1, tough skin 1
a: Heroism, Renounce Religion


You were on level 4 of the Dungeon.
You worshipped Okawaru.
Okawaru was aware of your devotion.
You were hungry.

You visited 1 branch of the dungeon, and saw 4 of its levels.

You collected 192 gold pieces.

Inventory:

Hand weapons
 a - a +2,+0 whip of venom (weapon)
 b - a +0 blowgun
Missiles
 c - 4 throwing nets
 e - 83 stones (quivered)
 k - 97 darts
 t - 5 javelins
 y - 5 large rocks
 C - 11 poisoned needles
Armour
 d - a +0 animal skin (worn)
Magical devices
 l - a wand of frost (14)
 z - a wand of flame (11) {unknown}
Comestibles
 f - 2 meat rations
 j - 4 bread rations
 n - a pear
 x - a chunk of quokka flesh
Scrolls
 g - 4 scrolls of teleportation
 h - a scroll of enchant weapon I {unknown}
 i - a scroll of enchant armour {unknown}
 m - 2 scrolls of blinking {unknown}
 o - a scroll of fog {unknown}
 v - 2 scrolls of remove curse {unknown}
Jewellery
 s - a cursed -4 ring of intelligence {unknown}
 w - an amulet of clarity (around neck)
Potions
 p - 2 potions of curing
 q - a potion of resistance
 r - a potion of cure mutation
 u - a potion of berserk rage


   Skills:
 + Level 5.0 Fighting
 * Level 6.2 Maces & Flails
 + Level 6.0 Throwing
 - Level 1.7 Dodging
 - Level 0.7 Stealth


You had 5 spell levels left.
You didn't know any spells.

Dungeon Overview and Level Annotations

Branches:
Dungeon (4/15)             Temple (0/1) D:4

Altars:
Okawaru


Innate Abilities, Weirdness & Mutations

You are too large for most types of armour.
You have a fast metabolism.
You can tolerate rotten meat.
You have tough skin (AC +1).


Message History

* * * LOW HITPOINT WARNING * * *
The jackal closely misses you. The jackal bites you.
* * * LOW HITPOINT WARNING * * *
The jackal bites you.
* * * LOW HITPOINT WARNING * * *
The jackal closely misses you. The jackal bites you.
* * * LOW HITPOINT WARNING * * *
The jackal bites you but does no damage.
An orc priest and an orc wizard come into view.
The orc wizard shouts!
The orc priest shouts!
The jackal closely misses you.
The orc wizard mumbles some strange words.
The orc wizard seems to speed up.
An orc priest comes into view. It is wielding a flail.
The orc priest shouts!
The orc priest invokes the aid of Beogh against you.
Something smites you!
You die...

#)## #.# #.# #.# ## #.# #.#
#. #####.##### #.# ###+
#.........########'#### #...
#.........g.##........# #...
#.........#.##........####...
#........g#h##........'.##)..
#......g..#.@'........#..#..[
#.........####.o.....<##.'...
#.........# #.o......####<..
######.#### #..o..>..# ###'
#.# ######'### #. #.# ###.#
## #g## ##...# #..# #..###
### ########.#### #.## ...


You could see 2 orc priests, an orc wizard, a gnoll and a jackal.

Vanquished Creatures
  Eustachio (D:4)
  Blork the orc (D:4)
  2 orc wizards
  A worker ant (D:4)
  Terence (D:2)
  A gnoll (D:4)
  2 adders (D:3)
  A worm (D:2)
  A giant gecko (D:1)
  An ooze (D:2)
  10 orcs
  A giant cockroach (D:3)
  7 goblins
  13 hobgoblins
  7 jackals
  8 kobolds
  7 quokkas
  19 bats
  A giant newt (D:3)
  A gnoll skeleton (D:4)
  11 rats
97 creatures vanquished.

Notes
Turn   | Place    | Note
--------------------------------------------------------------
     0 | D:1      | 1994, the Ogre Hunter, began the quest for the Orb.
     0 | D:1      | Reached XP level 1. HP: 22/22 MP: 1/1
   255 | D:1      | Reached XP level 2. HP: 31/31 MP: 2/2
   885 | D:2      | Reached XP level 3. HP: 28/37 MP: 3/3
  1398 | D:2      | Noticed Terence
  2197 | D:2      | Found an iron altar of Okawaru.
  2205 | D:2      | Became a worshipper of Warmaster Okawaru
  2538 | D:2      | Killed Terence
  2658 | D:2      | Reached XP level 4. HP: 9/45 MP: 4/4
  3457 | D:3      | Reached skill level 5 in Throwing
  4063 | D:3      | Reached XP level 5. HP: 52/54 MP: 5/5
  5018 | D:4      | Found a staircase to the Ecumenical Temple.
  5356 | D:4      | Noticed Eustachio
  5484 | D:4      | Killed Eustachio
  5484 | D:4      | Reached skill level 5 in Maces & Flails
  5484 | D:4      | Reached XP level 6. HP: 6/63 MP: 6/6
  5785 | D:4      | Noticed Blork the orc
  5800 | D:4      | Killed Blork the orc
  5800 | D:4      | Acquired Okawaru's first power
  5800 | D:4      | Reached skill level 5 in Fighting
  5800 | D:4      | Reached skill level 6 in Maces & Flails
  6186 | D:4      | HP: 3/66 [jackal (2)]
  6193 | D:4      | HP: 2/66 [jackal (2)]
  6199 | D:4      | Killed from afar by an orc priest

Action                   |  1- 3 |  4- 6 || total
-------------------------+-------+-------++-------
Melee: Whip              |   142 |   331 ||   473
Throw: Stone             |     4 |     7 ||    11
       Large rock        |     2 |       ||     2
  Use: Scroll            |       |     6 ||     6
